 Dungeon Crawl Stone Soup version 0.31-a0-358-gac0dbeb3ab (webtiles) character file.

Game seed: 14554223928629353003

112 randomguy2701 the Chopper (level 4, -4/41 HPs)
             Began as a Hill Orc Monk on July 25, 2023.
             Slain by a worm (8 damage)
             ... on level 3 of the Dungeon.
             The game lasted 00:01:31 (2097 turns).

randomguy2701 the Chopper (Hill Orc Monk)           Turns: 2097, Time: 00:01:31

Health: -4/41      AC:  2    Str: 15    XL:     4   Next: 93%
Magic:  4/4        EV: 13    Int: 10    God:
Gold:   102        SH:  0    Dex: 13    Spells: 3/3 levels left

rFire   . . .        a - +0 hand axe
rCold   . . .        d - orb {light}
rNeg    . . .        b - +0 robe
rPois   .            (no helmet)
rElec   .            (no cloak)
rCorr   .            (no gloves)
SInv    .            (no boots)
Will    .....        (no amulet)
Stlth   +            (no ring)
HPRegen 0.26/turn    (no ring)
MPRegen 0.09/turn

%: no passive effects
@: glowing
A: no striking features
a: no special abilities


You were on level 3 of the Dungeon.
You visited 1 branch of the dungeon, and saw 3 of its levels.

You collected 102 gold pieces.

Inventory:

Hand Weapons
 a - a +0 hand axe (weapon)
Armour
 b - a +0 robe (worn)
 d - an orb of light (worn)
Jewellery
 n - an amulet of guardian spirit
Scrolls
 e - a scroll of torment {unknown}
 f - 2 scrolls of poison {unknown}
 i - 2 scrolls of identify {unknown}
 k - a scroll of immolation {unknown}
 m - a scroll of teleportation {unknown}
Potions
 c - a potion of ambrosia
 g - 2 potions of heal wounds {unknown}
 h - 2 potions of enlightenment {unknown}
 j - a potion of degeneration {unknown}
 l - a potion of curing {unknown}


   Skills:
 + Level 4.4 Fighting
 + Level 5.7 Axes
 + Level 3.2 Dodging


You had 3 spell levels left.
You didn't know any spells.
Your spell library was empty.

Dungeon Overview and Level Annotations

Branches:
Dungeon (3/15)

Altars:


Message History

You kill the adder!
You barely miss the adder.
You feel sick. The adder bites you.
You hit the adder.
The adder is moderately wounded.
You feel sick. The adder misses you. The adder bites you.
You are more poisoned.
The adder poisons you!
You hit the adder.
The adder is severely wounded.
You feel very sick. The adder bites you.
You hit the adder.
You kill the adder!
You feel sick.
No target in view!
You feel sick.
A worm is nearby!
A worm is nearby!
You hit the worm.
The worm is moderately wounded.
You feel sick. The worm bites you!
You are too injured to fight recklessly!
You are too injured to fight recklessly!
You are too injured to fight recklessly!
You hit the worm.
The worm is moderately wounded.
You feel sick.
You hit the worm.
The worm is moderately wounded.
You feel sick. The worm bites you!
* * * LOW HITPOINT WARNING * * *
You hit the worm.
The worm is heavily wounded.
You feel sick.
You hit the worm.
The worm is almost dead.
You feel sick.
You are no longer poisoned.
The worm bites you!
You die...

#### ... .
#.####w##....
#....@.......
#...######....
... . #


You could see a worm.

Vanquished Creatures
  Jessica (D:2)
  Robin (D:2)
  3 adders
  2 worms (D:2)
  2 bats (D:2)
  6 endoplasms
  3 giant cockroaches
  5 goblins (D:2)
  5 hobgoblins
  3 jackals (D:2)
  3 ball pythons
  2 frilled lizards
  2 kobolds (D:2)
38 creatures vanquished.

Notes
Turn   | Place    | Note
-------+----------+-------------------------------------------
     0 | D:1      | randomguy2701 the Hill Orc Monk began the quest for the
                  | Orb.
     0 | D:1      | Reached XP level 1. HP: 19/19 MP: 1/1
   466 | D:1      | Reached XP level 2. HP: 17/27 MP: 2/2
  1069 | D:2      | Reached XP level 3. HP: 33/33 MP: 3/3
  1072 | D:2      | Noticed Robin
  1086 | D:2      | Killed Robin
  1318 | D:2      | Reached skill level 5 in Axes
  1318 | D:2      | Reached XP level 4. HP: 40/40 MP: 4/4
  1488 | D:2      | Noticed Jessica
  1497 | D:2      | Killed Jessica
  2097 | D:3      | Slain by a worm

Illustrated notes

Levels and vault maps discovered:
D:1:      erik_arrival_triangle_large, layout_basic
D:2:      layout_basic, uniq_jessica, uniq_robin
D:3:      layout_rooms, led_sif_pool, nicolae_overflow_ecumenical_swirl,
          gup_sewer_entry_bowl, minivault_24, minmay_misc_feat_room,
          reono_crystal_passage, minmay_bisected

Skill      XL: |  1  2  3 |
---------------+----------+-----
Dodging        | 3 |  3.2
Fighting       | 4 |  4.4
Axes           | 5 |  5.7

Action                     |  1- 3 |  4- 6 || total
---------------------------+-------+-------++-------
  Melee: Hand axe          |    79 |    36 ||   115
    Use: Potion            |       |     1 ||     1
 Armour: Robe              |    11 |    11 ||    22
  Dodge: Dodged            |    42 |    25 ||    67

Table legend: (Time is in decaauts)
 A = Elapsed time spent in this place.
 B = Non-inter-level travel time spent in this place.
 C = Inter-level travel time spent in this place.
 D = Time resting spent in this place.
 E = Time spent auto-exploring this place.
 F = Levels seen in this place.
 G = Mean time per level.
                   A        B        C        D        E       F      G
               +--------+--------+--------+--------+--------+-----+--------+
         Total |   2104 |   2047 |     57 |    324 |   1494 |   3 |  701.3 |
       Dungeon |   2104 |   2047 |     57 |    324 |   1494 |   3 |  701.3 |
               +--------+--------+--------+--------+--------+-----+--------+

Top non-repeatable levels by time:
     D:2: 1150 daAuts
     D:1: 915 daAuts
     D:3: 38 daAuts
